 Dungeon Crawl Stone Soup version 0.28.0-1-gb440e238dd (webtiles) character file.

Game seed: 15612455450673569705

172 fknight the Chopper (level 5, 0/46 HPs)
             Began as a Hill Orc Monk on Feb 21, 2022.
             Slain by a gnoll (8 damage)
             ... on level 4 of the Dungeon.
             The game lasted 00:14:08 (3210 turns).

fknight the Chopper (Hill Orc Monk)                 Turns: 3210, Time: 00:14:09

Health: 0/46       AC:  7    Str: 16    XL:     5   Next: 53%
Magic:  5/5        EV: 15    Int: 10    God:
Gold:   166        SH:  0    Dex: 13    Spells: 4/4 levels left

rFire   + . .      SeeInvis .   a - +1 hand axe
rCold   . . .      Faith    .   (no shield)
rNeg    . . .      Spirit   .   i - +0 ring mail
rPois   .          Reflect  .   g - +1 helmet
rElec   .          Harm     .   (no cloak)
rCorr   .          Rampage  .   (no gloves)
Will    .....                   (no boots)
Stlth   +.........              (no amulet)
HPRegen 0.15/turn               e - +4 ring of evasion
MPRegen 0.09/turn               h - ring of protection from fire

@: no status effects
A: no striking features
a: no special abilities


You were on level 4 of the Dungeon.
You visited 1 branch of the dungeon, and saw 4 of its levels.

You collected 166 gold pieces.

Inventory:

Hand Weapons
 a - a +1 hand axe (weapon)
 d - a +2 dagger of flaming
 n - a +0 hunting sling
Missiles
 b - 18 sling bullets
 f - 54 stones (quivered)
 m - 2 boomerangs
Armour
 g - a +1 helmet (worn)
 i - a +0 ring mail (worn)
Magical Staves
 c - a staff of cold
Jewellery
 e - a +4 ring of evasion (left hand)
 h - a ring of protection from fire (right hand)
Wands
 j - a wand of iceblast (11)
 l - a wand of flame (20)


   Skills:
 + Level 4.2 Fighting
 + Level 6.1 Axes
 + Level 1.1 Throwing
 + Level 1.2 Armour
 + Level 3.0 Dodging
 + Level 2.0 Stealth


You had 4 spell levels left.
You didn't know any spells.
Your spell library contained the following spells:

 Spells                   Type           Power      Damage    Failure   Level
 Sublimation of Blood     Necr           0%         N/A       73%         2
 Wereblood                Tmut           0%         N/A       73%         2
 Summon Hydra             Summ           0%         N/A       100%        7


Dungeon Overview and Level Annotations

Branches:
Dungeon (4/15)
 Temple: D:4-7

Altars:

Shops:
D:3 [


Message History

You barely miss the gnoll.
The gnoll is lightly wounded.
The gnoll closely misses you.
You hit the gnoll.
The gnoll is lightly wounded.
The gnoll barely misses you.
The gnoll shaman calls upon its god to speed up the gnoll.
The gnoll seems to speed up.
You hear a shout!
You slash the gnoll!
The gnoll is severely wounded.
You hear a shout!
The gnoll hits you with a +0 club! The gnoll completely misses you.
You hit the gnoll.
You kill the gnoll!
Your Armour skill increases to level 1! 3 gnolls come into view.
The gnoll shouts!
The gnoll shaman hits you with a +4 mace!
Things that are here:
a +0 club; a gnoll corpse You closely miss the gnoll shaman.
The gnoll shaman calls upon its god to speed up something.
You slash the gnoll shaman!
The gnoll shaman is moderately wounded.
The gnoll shaman hits you with a +4 mace!
You slash the gnoll shaman!
The gnoll shaman is almost dead.
The gnoll shaman hits you with a +4 mace.
You hit the gnoll.
The gnoll is moderately wounded.
You hit the gnoll shaman but do no damage.
The gnoll hits you with a +0 flail. The gnoll closely misses you.
The gnoll hits you with a +0 flail.
* * * LOW HITPOINT WARNING * * *
The gnoll shaman misses you.
You feel better. The gnoll hits you with a +0 flail!
* * * LOW HITPOINT WARNING * * *
The gnoll hits you from afar with a +0 spear!
You die...

##.....#
#.....(
#......#######
#$...(
##............#
#..g.
#.............#
.gg#
............#
#..##
.########..##
#...# ##
##..######..(#
# #......g#gg.#
#...###.@g...#
#..## ######..#
#..<# ##..#
#..## ### #..#
#.. ..#


You could see a gnoll shaman and 3 gnolls.

Vanquished Creatures
  A hound (D:3)
  Robin (D:2)
  A gnoll (D:4)
  3 adders
  2 dart slugs (D:1)
  An orc (D:3)
  7 ball pythons
  4 endoplasms
  9 giant cockroaches
  14 goblins
  8 hobgoblins
  16 kobolds
  4 quokkas
  8 bats
  3 frilled lizards
  7 rats
89 creatures vanquished.

Notes
Turn   | Place    | Note
-------+----------+-------------------------------------------
     0 | D:1      | fknight the Hill Orc Monk began the quest for the Orb.
     0 | D:1      | Reached XP level 1. HP: 19/19 MP: 1/1
   424 | D:1      | Reached XP level 2. HP: 27/27 MP: 2/2
   735 | D:1      | Reached XP level 3. HP: 31/33 MP: 3/3
  1030 | D:2      | Noticed Robin
  1049 | D:2      | Reached skill level 5 in Axes
  1049 | D:2      | Killed Robin
  1431 | D:2      | Reached XP level 4. HP: 40/40 MP: 4/4
  2427 | D:3      | Found Duysouk's Armour Shoppe.
  2436 | D:3      | Reached XP level 5. HP: 42/46 MP: 5/5
  2485 | D:3      | Reached skill level 6 in Axes
  2640 | D:3      | Reached skill level 1 in Throwing
  3204 | D:4      | Reached skill level 1 in Armour
  3210 | D:4      | Slain by a gnoll

Illustrated notes

Levels and vault maps discovered:
D:1:      saegor_arrival_simple_a, layout_rooms
D:2:      layout_loops_ring, uniq_robin
D:3:      layout_rooms, serial_shops, nicolae_diamond_shop,
          kennysheep_generic_room_3
D:4:      layout_cave_pods, nicolae_shop_fire_sale [nicolae_sub_dead_trees],
          nzn_random_ring

Skill      XL: |  1  2  3  4  5 |
---------------+----------------+-----
Axes           | 5 6 |  6.1
Fighting       | 4 |  4.2
Stealth        | 2 |  2.0
Dodging        | 3 |  3.0
Throwing       | 1 |  1.1
Armour         | 1 |  1.2

Action                   |  1- 3 |  4- 6 || total
-------------------------+-------+-------++-------
Melee: Hand axe          |    95 |   134 ||   229
       Punch             |     2 |     3 ||     5
Throw: Stone             |    12 |    42 ||    54
  Use: Potion            |     4 |     5 ||     9
       Scroll            |     3 |     3 ||     6
 Stab: Sleeping          |     1 |       ||     1
Armor: Robe              |    12 |       ||    12
       Ring mail         |       |    40 ||    40
       Animal skin       |       |     4 ||     4
Dodge: Dodged            |    43 |   102 ||   145
